 Dungeon Crawl Stone Soup version 0.29.1-15-g9cfb28693d (webtiles) character file.

Game seed: 1330068409626640385

74 QwertyIsDirtey the Trooper (level 4, 0/41 HPs)
             Began as a Minotaur Berserker on Mar 24, 2023.
             Was a Follower of Trog.
             Slain by a gnoll
             ... wielding a +0 flail
              (13 damage)
             ... on level 2 of the Dungeon.
             The game lasted 00:02:39 (638 turns).

QwertyIsDirtey the Trooper (Minotaur Berserker)      Turns: 638, Time: 00:02:40

Health: 0/41       AC:  2    Str: 24    XL:     4   Next: 10%
Magic:  3/3        EV: 12    Int:  4    God:    Trog [*.....]
Gold:   84         SH:  0    Dex:  9    Spells: 3/3 levels left

rFire   . . .      SeeInvis .   a - +0 hand axe
rCold   . . .      Faith    .   (no shield)
rNeg    . . .      Spirit   .   b - +0 animal skin
rPois   .          Reflect  .   (helmet restricted)
rElec   .          Harm     .   (no cloak)
rCorr   .          Rampage  .   (no gloves)
Will    .....                   (no boots)
Stlth   +.........              (no amulet)
HPRegen 0.13/turn               (no ring)
MPRegen 0.08/turn               (no ring)

@: no status effects
A: horns 2, retaliatory headbutt
a: Renounce Religion, Berserk


You were on level 2 of the Dungeon.
You worshipped Trog.
Trog was aware of your devotion.
You visited 1 branch of the dungeon, and saw 2 of its levels.

You collected 84 gold pieces.

Inventory:

Hand Weapons
 a - a +0 hand axe (weapon)
Missiles
 e - 2 poisoned darts (quivered)
Armour
 b - a +0 animal skin (worn)
 j - a +0 ring mail
Scrolls
 d - a scroll of amnesia {unknown}
 f - a scroll of teleportation {unknown}
 h - a scroll of immolation {unknown}
 k - a scroll of identify {unknown}
Potions
 c - 2 potions of magic {unknown}
 g - a potion of curing {unknown}
 i - a potion of degeneration {unknown}


   Skills:
 + Level 4.7 Fighting
 + Level 4.6 Axes
 + Level 2.7 Armour
 + Level 2.7 Dodging


You had 3 spell levels left.
You didn't know any spells.
Your spell library contained the following spells:

 Spells                   Type           Power      Damage    Failure   Level
 Ozocubu's Armour         Ice            0%         N/A       86%         3
 Metabolic Englaciation   Hex/Ice        0%         N/A       100%        5
 Simulacrum               Ice/Necr       0%         N/A       100%        6


Dungeon Overview and Level Annotations

Branches:
Dungeon (2/15)

Altars:


Innate Abilities, Weirdness & Mutations

You have a pair of horns on your head.
You reflexively headbutt those who attack you in melee.


Message History

The adder hisses angrily.
You miss the adder. Your headbutt misses the adder.
The adder barely misses you.
You hit the adder. You headbutt the adder.
You kill the adder!
Trog accepts your kill.
You see here an adder corpse.
Found 11 gold pieces.
Found a scroll labelled ZIXOSU UMITOR.
You now have 84 gold pieces (gained 11).
k - a scroll labelled ZIXOSU UMITOR You see here an adder corpse.
Found 12 gold pieces.
A gnoll comes into view. It is wielding a +0 spear.
The gnoll shouts!
A gnoll comes into view. It is wielding a +0 flail. x2
The gnoll hits you with a +0 spear.
The gnoll shouts!
You slash the gnoll!
The gnoll is heavily wounded.
The gnoll misses you.
You hit the gnoll.
The gnoll is moderately wounded.
You hit the gnoll.
You kill the gnoll!
Trog accepts your kill. The gnoll hits you with a +0 flail.
You hit the gnoll. Your headbutt misses the gnoll.
The gnoll is heavily wounded.
You hit the gnoll. The gnoll closely misses you. The gnoll barely misses you.
You furiously retaliate!
You headbutt the gnoll!
You kill the gnoll!
Trog accepts your kill. The gnoll closely misses you.
You have reached level 4!
You feel stronger.
You hit the gnoll.
The gnoll is severely wounded.
The gnoll hits you with a +0 flail!
You die...

### #.# ..# #.# #.# #.#
#.# #.# #.# #.# #.#
###.######### #
#.###.###...........###
#....)@g..............#
#####)###.#.#######.#..
#.##..#.# #.###
...g...$. #.# #
.......#..# #.# #
...###.##..# #.# # .#..
#.###.# #.# # # #..#.
#.# .# #.# # ## .


You could see a gnoll.

Vanquished Creatures
  2 gnolls (D:2)
  3 adders (D:2)
  A worm (D:2)
  A dart slug (D:1)
  2 bats
  3 endoplasms (D:2)
  A goblin (D:2)
  2 hobgoblins
  4 jackals (D:2)
  A quokka (D:2)
  2 frilled lizards
  A rat (D:1)
23 creatures vanquished.

Notes
Turn   | Place    | Note
-------+----------+-------------------------------------------
     0 | D:1      | QwertyIsDirtey the Minotaur Berserker began the quest for
                  | the Orb.
     0 | D:1      | Reached XP level 1. HP: 19/19 MP: 0/0
   301 | D:2      | Reached XP level 2. HP: 23/27 MP: 1/1
   490 | D:2      | Reached XP level 3. HP: 18/34 MP: 2/2
   638 | D:2      | Reached XP level 4. HP: 13/41 MP: 3/3
   638 | D:2      | Slain by a gnoll

Illustrated notes

Levels and vault maps discovered:
D:1:      spicycebolla_arrival_ecumenical, layout_basic
D:2:      layout_loops_ring

Skill      XL: |  1  2 |
---------------+-------+-----
Fighting       | 4 |  4.7
Axes           | 4 |  4.6
Armour         | |  2.7
Dodging        | |  2.7

Action                   |  1- 3 |  4- 6 || total
-------------------------+-------+-------++-------
Melee: Hand axe          |    40 |     1 ||    41
       Headbutt          |     7 |       ||     7
Armor: Animal skin       |    14 |       ||    14
Dodge: Dodged            |    44 |       ||    44
